cohdb
Replays
Latest Replays
All Replays
Popular Replays
Top Player Replays
Match Explorer
How It Works
Community
CoH3 Stats
Reddit
Sign in to upload your games and track your stats! →
Sign in with Steam
Match 41510245
Unlisted
Match 41510245
Overview
Messages
Build Orders
End
Kradschützen Motorcycle Team
Panzerpioneer Squad
250 Light Carrier
Panzergrenadier Squad
Panzergrenadier Squad
Construct Light Support Kompanie
2.5-tonne Medical Truck
Panzerjäger Mechanized Group
Combat Half-tracks
Selects Panzerjäger Kommand Battlegroup
Selects Mine Fields
Selects Tank Busters
Selects Defensive Positions
Selects Tank Busters
Construct Mechanized Kompanie
Marder III Tank Destroyer
Selects Crew Shock Tactics
2.5-tonne Medical Truck
Marder III Tank Destroyer
Crew Shock Tactics
Phenomensky
Lewis The Revenant
Wander MOR
Izzy
DoMxNightM4rE
zintoko
0
0
Comments
sign in to comment!
No comments posted yet!